 Dungeon Crawl Stone Soup version 0.30-a0-760-g5a9884bb7c (webtiles) character file.

Game seed: 9244047324931499693

218354 ryw the Acrobat (level 19, -11/170 HPs)
             Began as a Merfolk Gladiator on Feb 10, 2023.
             Was the Champion of Qazlal.
             Killed from afar by a salamander tyrant (23 damage)
             ... on level 4 of the Snake Pit on Feb 11, 2023.
             The game lasted 01:26:37 (36853 turns).

ryw the Acrobat (Merfolk Gladiator)                Turns: 36853, Time: 01:26:37

Health: -11/170    AC: 14    Str: 19    XL:     19   Next: 11%
Magic:  35/35      EV: 40    Int: 14    God:    Qazlal [******]
Gold:   3994       SH: 24    Dex: 18    Spells: 23/28 levels left

rFire   + . .      SeeInvis .    r - +8 demon trident "Rift" {distort, reach+}
rCold   + . .      Faith    .    d - +4 kite shield {reflect}
rNeg    . . .      Spirit   .    z - +1 robe of Vines {NoPotionHeal Regen++++}
rPois   .          Reflect  +    c - +2 helmet
rElec   +          Harm     .    A - +2 cloak {Stlth+}
rCorr   +          Rampage  .    B - +1 pair of gloves of the Old World {Will+}
Will    ++++.                    V - +2 pair of boots
Stlth   +                        G - amulet of the acrobat
HPRegen 3.68/turn                U - ring of Comoedem {Will++ rCorr MP+9 Dex+6 Slay-2}
MPRegen 0.24/turn                n - ring of Wirid {rElec rC+ rCorr Int+4 Dex-4}

@: lethally poisoned (-11 -> -11), weakened, protected from fire, acrobatic,
repel missiles
A: (nimble swimmer 2), mertail
}: 1/15 runes: barnacled
a: Renounce Religion, Upheaval, Elemental Force, Disaster Area


You were on level 4 of the Snake Pit.
You worshipped Qazlal.
Qazlal was exalted by your worship.
You visited 6 branches of the dungeon, and saw 30 of its levels.
You also visited: Gauntlet and Ice Cave.

You collected 4518 gold pieces.
You spent 524 gold pieces at shops.

Inventory:

Hand Weapons
 a - a +9 demon trident of electrocution
 r - the +8 demon trident "Rift" (weapon) {distort, reach+}
   (You took it off a merfolk on level 4 of the Shoals)
Missiles
 E - 21 javelins (quivered)
 M - 4 silver javelins
Armour
 c - a +2 helmet (worn)
 d - a +4 kite shield of reflection (worn)
 o - the +2 pair of gloves of Restlessness {Str+4}
   (You found it on level 3 of the Dungeon)

   Str:       It affects your strength (+4).
 z - the +1 robe of Vines (worn) {NoPotionHeal Regen++++}
   (You found it in a Gauntlet)

   NoPotionHeal: Its wearer cannot be healed by potions.
   Regen:     It increases your rate of health regeneration.
 A - a +2 cloak of stealth (worn)
 B - the +1 pair of gloves of the Old World (worn) {Will+}
   (You found it on level 4 of the Lair of Beasts)

   Will:      It increases your willpower.
 V - a +2 pair of boots (worn)
Jewellery
 e - an amulet of regeneration
 j - a ring of positive energy
 n - the ring of Wirid (right hand) {rElec rC+ rCorr Int+4 Dex-4}
   (You acquired it on level 1 of the Snake Pit)

   [ring of protection from cold]

   Int:       It affects your intelligence (+4).
   Dex:       It affects your dexterity (-4).
   rC:        It protects you from cold.
   rElec:     It insulates you from electricity.
   rCorr:     It protects you from acid and corrosion.
 w - a ring of fire
 G - an amulet of the acrobat (around neck)
 Q - a ring of see invisible
 U - the ring of Comoedem (left hand) {Will++ rCorr MP+9 Dex+6 Slay-2}
   (You found it on level 5 of the Lair of Beasts)

   [ring of dexterity]

   Dex:       It affects your dexterity (+6).
   Slay:      It affects your accuracy & damage with ranged weapons and melee
   (-2).
   MP:        It affects your magic capacity (+9).
   rCorr:     It protects you from acid and corrosion.
   Will:      It greatly increases your willpower.
Wands
 g - a wand of digging (6)
 u - a wand of mindburst (4)
 v - a wand of charming (10)
 D - a wand of roots (12)
 N - a wand of quicksilver (10)
 O - a wand of polymorph (7)
Scrolls
 b - 10 scrolls of teleportation
 h - 9 scrolls of blinking
 l - 5 scrolls of magic mapping
 x - 3 scrolls of poison
 y - a scroll of enchant weapon
 C - 6 scrolls of fog
 F - 4 scrolls of amnesia
 J - 3 scrolls of silence
 K - 4 scrolls of fear
 R - a scroll of summoning
 Y - 9 scrolls of identify
Potions
 f - 2 potions of brilliance
 i - 7 potions of flight
 k - 4 potions of invisibility
 m - 3 potions of magic
 p - 3 potions of resistance
 q - a potion of might
 t - 4 potions of curing
 I - 6 potions of mutation
 L - a potion of ambrosia
 S - 2 potions of berserk rage
 W - 3 potions of lignification
 X - 9 potions of haste
Miscellaneous
 s - a piece from Xom's chessboard (15/15)


   Skills:
 * Level 20.6 Fighting
 * Level 21.1 Polearms
 - Level 2.0 Throwing
 - Level 3.0 Armour
 + Level 21.1 Dodging
 + Level 10.3 Shields
 - Level 5.0 Spellcasting
 + Level 5.3 Summonings
 - Level 5.0 Translocations
 - Level 10.0 Invocations


You had 23 spell levels left.
You knew the following spells:

 Your Spells              Type           Power      Damage    Failure   Level
a - Blink                 Tloc           34%        N/A       8%          2
b - Call Canine Familiar  Summ           18%        N/A       13%         3

Your spell library contained the following spells:

 Spells                   Type           Power      Damage    Failure   Level
 Foxfire                  Conj/Fire      12%        2x1d4     36%         1
 Magic Dart               Conj           12%        1d3       36%         1
 Manifold Assault         Tloc           17%        N/A       43%         4
 Ensorcelled Hibernation  Hex/Ice        6%         N/A       50%         2
 Searing Ray              Conj           6%         2d4       50%         2
 Kindle Blastsparks       Fire/Tloc/Air  16%        2d11      52%         3
 Dazzling Flash           Conj/Hex       6%         N/A       75%         3
 Spider Form              Tmut/Pois      3%         N/A       75%         3
 Summon Lightning Spire   Summ/Air       10%        N/A       78%         4
 Summon Forest            Summ/Tloc      8%         N/A       78%         5
 Iskenderun's Mystic Bla  Conj/Tloc      10%        2d4       80%         4
 Anguish                  Hex/Necr       1%         N/A       98%         4
 Fulminant Prism          Conj/Hex       1%         3d5       98%         4
 Leda's Liquefaction      Hex/Erth       1%         N/A       98%         4
 Agony                    Necr           3%         N/A       100%        5
 Alistair's Intoxication  Tmut/Pois      2%         N/A       100%        5
 Borgnjor's Vile Clutch   Necr/Erth      1%         N/A       100%        5
 Fireball                 Conj/Fire      1%         3d3       100%        5
 Lee's Rapid Deconstruct  Erth           1%         3d4*      100%        5
 Silence                  Hex/Air        1%         N/A       100%        5
 Yara's Violent Unravell  Hex/Tmut       1%         3d3       100%        5
 Dispersal                Tloc           8%         N/A       100%        6
 Eringya's Noxious Bog    Tmut/Pois      1%         N/A       100%        6
 Starburst                Conj/Fire      1%         6d3       100%        6
 Statue Form              Tmut/Erth      2%         N/A       100%        6
 Enfeeble                 Hex            1%         N/A       100%        7
 Storm Form               Tmut/Air       1%         N/A       100%        7
 Summon Hydra             Summ           9%         N/A       100%        7
 Disjunction              Tloc           8%         N/A       100%        8
 Dragon's Call            Summ           9%         N/A       100%        9


Dungeon Overview and Level Annotations

Branches:
Dungeon (14/15)            Temple (1/1) D:5            Lair (5/5) D:10
 Shoals (4/4) Lair:2        Snake (4/4) Lair:2        Slime (0/5) Lair:4
    Orc (2/2) D:10            Elf (0/3) Orc:2        Vaults (0/5) D:14
  IceCv (visited)         Gauntlet (visited)

Altars:
Ashenzari
Cheibriados
Dithmenos
Elyvilon
Fedhas
Gozag
Hepliaklqana
Kikubaaqudgha
Makhleb
Nemelex Xobeh
Okawaru
Qazlal
Ru
Sif Muna
Trog
Uskayaw
Vehumet
Wu Jian
Xom
Yredelemnul
Zin
The Shining One
Jiyva

Shops:
D:5 *   D:8 :   Orc:2 :[:[   Shoals:1 *   Shoals:2 (   Snake:1 *

Annotations:
D:7 1 runed translucent door, Crazy Yiuf, Prince Ribbit
D:12 2 transporters
Snake:1 3 runed translucent doors, exclusion: obsidian statue, Ixtim's ghost, journeyman MiFi
Abyss:1 Aizul; Pacea's ghost, journeyman OpWn


Innate Abilities, Weirdness & Mutations

((You are very nimble when in or above water. (Stealth+, EV+, Speed+++)))
Your lower body shifts to a powerful aquatic tail in water.


Message History

You block the nagaraja's attack.
The salamander tyrant gazes fiercely through you!
You feel as though you will be weak longer.
The guardian serpent coils itself and waves its upper body at you.
The salamander tyrant blinks into view!
The nagaraja blinks!
The naga warrior blinks!
The naga mage blinks into view!
You barely miss the salamander tyrant.
You hear a shout!
The nagaraja gestures at you while chanting.
The bolt of poison hits you!!!
You are poisoned.
* * * LOW HITPOINT WARNING * * *
The salamander tyrant completely misses you.
You block the naga mage's attack. x2
The naga warrior is engulfed in freezing vapours.
The naga warrior roars a battlecry!
The salamander tyrant goes into a battle-frenzy!
The salamander tyrant is engulfed in freezing vapours.
The salamander tyrant barely misses you.
Blink to where?
Press: ? - help, Dir - move target
As you read the scroll of blinking, it crumbles to dust.
You feel very sick.
The naga warrior no longer looks unusually strong.
The salamander tyrant rends the earth beneath you!
The blast of magma engulfs you!!
Your resistance to physical damage fades away.
You feel protected from fire.
* * * LOW HITPOINT WARNING * * *
The naga mage gestures at you while chanting.
The bolt of poison is repelled.
The naga warrior roars a battlecry!
The naga warrior goes into a battle-frenzy!
The naga warrior is engulfed in freezing vapours.
The salamander tyrant is engulfed in freezing vapours.
You feel very sick.
The salamander tyrant rends the earth beneath you!
The blast of magma engulfs you!! You partially resist.
You feel more protected from fire.
You die...

#..........###.....#####
##..........+...........#
#...........##..........#
#............#.####.....#
#........#.#.#..........#
#..))....)...#.#.†......#
###)..#....###≈#≈)......##
#....).......#≈≈≈).......#
#....).....).#@≈[○.N.....##
#.....)#+####≈○.)#.N°N....#
#...)).'....)☼.#.#..°N.#..##
#......#.###..##.#..NN.#N..#
#...###### ###########°§...#
#..)# #####...§...## #...#
###....N...#### #...#
##........#S# #...#
#......####†#


You could see a nagaraja (fast, strong, curare), a naga warrior and 2 salamander
tyrants.

Vanquished Creatures
  Vashnia (Snake:3)
  Gastronok (Lair:1)
  2 krakens
  Ilsuiw (Shoals:4)
  A frost giant (IceCv)
  2 nagarajas (Snake:4)
  Louise (D:14)
  A minotaur (Gauntlet)
  6 merfolk javelineers
  Josephine (D:14)
  2 spectral krakens (Shoals:3)
  7 merfolk impalers
  Fannar (Orc:1)
  4 ghost crabs
  4 ogre magi (Orc:2)
  A salamander tyrant (Snake:4)
  8 merfolk aquamancers
  2 catoblepae
  13 anacondas
  A boulder beetle (D:14)
  5 merfolk avatars
  8 death yaks (IceCv)
  3 centaur warriors
  A satyr (Shoals:4)
  11 naga warriors
  2 alligator snapping turtles (Shoals:4)
  23 two-headed ogres
  8 shock serpents
  Urug (Lair:4)
  13 naga sharpshooters
  3 skysharks
  Lodul (D:14)
  3 salamander mystics (Snake:3)
  11 sea snakes
  A wizard (D:14)
  5 naga ritualists
  3 mana vipers
  An orc knight (Orc:1)
  7 harpies
  A harpy (shapeshifter) (D:13)
  A deep elf pyromancer (D:14)
  An oklob plant (Lair:3)
  3 ugly things
  12 salamanders
  11 fauns
  14 manticores
  6 merfolk sirens
  5 cyclopes
  A shining eye (Gauntlet)
  An elephant (shapeshifter) (D:14)
  17 elephants
  11 water nymphs
  Maurice (D:8)
  37 black mambas
  6 guardian serpents
  22 naga magi
  2 spectral sea snakes (Shoals:3)
  An ice statue (IceCv)
  7 komodo dragons
  3 kobold demonologists
  4 unseen horrors
  21 cane toads
  2 minotaur zombies (Gauntlet)
  9 rime drakes
  6 trolls
  5 spectral merfolk (Shoals:3)
  A wind drake (shapeshifter) (D:13)
  6 meliai
  4 tyrant leeches (Lair:5)
  4 polar bears (IceCv)
  30 merfolk
  A hornet (D:7)
  4 wind drakes
  10 snapping turtles
  18 blink frogs
  9 dream sheep
  8 slime creatures
  5 wraiths
  4 wyverns
  8 water elementals
  37 yaks
  7 hogs
  16 vampire mosquitoes
  A vampire (D:10)
  5 basilisks
  2 swamp worms (Gauntlet)
  41 nagas
  3 wargs (D:10)
  4 acid dragons
  9 water moccasins
  2 floating eyes (Gauntlet)
  A sky beast (D:7)
  23 orc warriors
  An ice beast (D:6)
  33 wolves
  43 ogres
  6 centaurs
  A phantom (D:7)
  A spectral cyclops (Shoals:3)
  14 bullfrogs
  5 kobold brigands
  2 gnoll sergeants
  A necrophage (D:5)
  4 scorpions
  17 wights
  9 killer bees
  2 electric eels
  5 howler monkeys
  3 hounds
  22 orc priests
  3 iguanas
  29 orc wizards
  2 howler monkey zombies (D:9)
  14 gnolls
  7 adders
  12 white imps (Lair:3)
  An ufetubus (D:5)
  4 worms
  A dart slug (D:3)
  96 orcs
  5 bats
  9 endoplasms
  5 giant cockroaches
  9 goblins
  5 hobgoblins
  7 jackals
  2 quokkas
  6 ball pythons
  23 kobolds
  5 rats
  6 tentacles
1063 creatures vanquished.

Vanquished Creatures (others)
  Kirke (Lair:4)
  A shock serpent (Snake:4)
  A bush (Lair:3)
  2 demonic plants (Gauntlet)
  32 fungi
  107 plants
  37 tentacles
  6 withered plants (Shoals:3)
187 creatures vanquished.

Grand Total: 1250 creatures vanquished

Notes
Turn   | Place    | Note
-------+----------+-------------------------------------------
     0 | D:1      | ryw the Merfolk Gladiator began the quest for the Orb.
     0 | D:1      | Reached XP level 1. HP: 16/16 MP: 1/1
   254 | D:1      | Reached XP level 2. HP: 23/23 MP: 2/2
   362 | D:1      | You fall into a shaft and drop 1 floor!
   371 | D:2      | Reached skill level 5 in Polearms
   371 | D:2      | Reached XP level 3. HP: 16/28 MP: 3/3
   570 | D:1      | Found a faded altar of an unknown god.
  1180 | D:2      | Reached XP level 4. HP: 32/35 MP: 4/4
  1824 | D:3      | Reached XP level 5. HP: 41/41 MP: 5/5
  2068 | D:3      | Identified the +2 pair of gloves of Restlessness {Str+4}
  2233 | D:3      | Found an iron altar of Okawaru.
  2959 | D:4      | Reached XP level 6. HP: 47/47 MP: 6/6
  3260 | D:4      | Reached skill level 5 in Dodging
  3588 | D:5      | Entered Level 5 of the Dungeon
  3694 | D:5      | Found a sparkling altar of Nemelex Xobeh.
  3826 | D:5      | Found a staircase to the Ecumenical Temple.
  3841 | D:5      | Reached XP level 7. HP: 54/54 MP: 7/7
  4120 | D:5      | Found Oseped's Fire Supplies.
  4129 | D:5      | Bought a +2 leather armour of fire resistance for 209 gold
                  | pieces
  4435 | Temple   | Entered the Ecumenical Temple
  4476 | Temple   | Became a worshipper of Qazlal Stormbringer
  4776 | D:6      | Reached skill level 1 in Armour
  4776 | D:6      | Reached skill level 1 in Spellcasting
  5245 | D:6      | Reached XP level 8. HP: 55/61 MP: 9/9
  5848 | D:7      | Identified the +0 scale mail of Agoraphobia {Harm rC- Will-
                  | Int+5}
  5876 | D:7      | Reached skill level 5 in Fighting
  5880 | D:7      | Reached skill level 10 in Polearms
  6059 | D:7      | Noticed a hornet
  6062 | D:7      | Paralysed by a hornet for 3 turns
  6069 | D:7      | Killed a hornet
  6576 | D:7      | Found a runed translucent door.
  6577 | D:7      | Noticed Crazy Yiuf
  6577 | D:7      | Noticed Prince Ribbit
  6799 | D:7      | Found a shimmering blue altar of Sif Muna.
  6920 | D:7      | Reached XP level 9. HP: 50/68 MP: 11/11
  7333 | D:8      | Noticed a troll
  7351 | D:8      | Killed a troll
  7708 | D:8      | Found Kumi's Book Shop.
  8434 | D:8      | Noticed Maurice
  8886 | D:7      | Reached * piety under Qazlal
  9354 | D:7      | Reached XP level 10. HP: 29/79 MP: 12/12
 10763 | D:8      | Killed Maurice
 11689 | D:9      | Noticed a green ugly thing
 11741 | D:9      | Killed a green ugly thing
 11742 | D:9      | Reached skill level 10 in Dodging
 11942 | D:9      | Reached ** piety under Qazlal
 12048 | D:9      | Found a broken altar of Ashenzari.
 12159 | D:9      | Found a sacrificial altar of Ru.
 12159 | D:9      | Found a blossoming altar of Fedhas.
 12159 | D:9      | Found an ornate altar of the Wu Jian Council.
 12188 | D:9      | Found an ancient bone altar of Kikubaaqudgha.
 12193 | D:9      | Found a glowing golden altar of the Shining One.
 12330 | D:9      | Found a glowing silver altar of Zin.
 12429 | D:9      | Found a basalt altar of Yredelemnul.
 12657 | D:10     | Entered Level 10 of the Dungeon
 12714 | D:10     | Found a burning altar of Makhleb.
 12714 | D:10     | Noticed a balrug
 12717 | D:10     | Noticed an orange demon
 12743 | D:10     | Reached skill level 1 in Invocations
 12845 | D:10     | Reached *** piety under Qazlal
 13071 | D:10     | Reached XP level 11. HP: 70/89 MP: 13/13
 13080 | D:10     | Noticed a two-headed ogre
 13125 | D:10     | Killed a two-headed ogre
 13356 | D:10     | Found a staircase to the Lair.
 13448 | D:10     | Reached **** piety under Qazlal
 13564 | D:10     | Found a staircase to the Orcish Mines.
 13719 | D:10     | Found an opulent altar of Gozag.
 13893 | D:10     | Reached skill level 10 in Fighting
 14060 | D:11     | Noticed a two-headed ogre
 14067 | D:11     | Killed a two-headed ogre
 14068 | D:11     | Reached skill level 5 in Invocations
 14928 | D:12     | Noticed a two-headed ogre
 14942 | D:12     | Killed a two-headed ogre
 15017 | D:12     | Noticed a manticore
 15486 | D:12     | Found a transporter.
 15522 | D:12     | Reached XP level 12. HP: 100/100 MP: 15/15
 15663 | D:12     | Noticed a two-headed ogre
 15673 | D:12     | Killed a two-headed ogre
 16362 | D:12     | Found a transporter.
 16364 | D:12     | Found a transporter.
 16402 | D:12     | Found a transporter.
 16714 | D:12     | Upgraded the game from 0.30-a0-757-ga6a79fd877 to
                  | 0.30-a0-760-g5a9884bb7c
 16881 | D:13     | Noticed a centaur warrior
 16897 | D:13     | Killed a centaur warrior
 16926 | D:13     | Reached ***** piety under Qazlal
 17089 | D:13     | Noticed a two-headed ogre
 17113 | D:13     | Killed a two-headed ogre
 17180 | D:13     | Reached skill level 15 in Dodging
 17186 | D:13     | Noticed a two-headed ogre
 17189 | D:13     | Killed a two-headed ogre
 17216 | D:13     | Noticed a two-headed ogre
 17227 | D:13     | Killed a two-headed ogre
 17664 | D:13     | Noticed a catoblepas
 18250 | D:13     | Killed a catoblepas
 18887 | Lair:1   | Entered Level 1 of the Lair of Beasts
 18907 | Lair:1   | Noticed Gastronok
 19026 | Lair:1   | Killed Gastronok
 19027 | Lair:1   | Reached XP level 13. HP: 88/112 MP: 16/16
 19258 | Lair:1   | Learned a level 2 spell: Blink
 19796 | Lair:2   | Found a dark tunnel.
 19882 | Lair:2   | Reached skill level 1 in Translocations
 20105 | Lair:2   | Found a runed translucent door.
 20106 | Lair:2   | Noticed Pacea's ghost (journeyman OpWn)
 20222 | Lair:2   | Found a staircase to the Snake Pit.
 20284 | Lair:2   | Identified the +0 arbalest "Ihistros" {heavy, rElec rN+
                  | Int+3 SInv}
 20474 | Lair:2   | Found a staircase to the Shoals.
 20678 | Lair:2   | You fall into a shaft and drop 1 floor!
 20678 | Lair:3   | Found a frozen archway.
 20709 | Lair:3   | Reached ****** piety under Qazlal
 20783 | Lair:3   | Found a gate leading to a gauntlet.
 20792 | Gauntlet | Entered a Gauntlet
 20792 | Gauntlet | Found a transporter.
 20792 | Gauntlet | Found a transporter.
 20806 | Gauntlet | Found a transporter.
 20824 | Gauntlet | Found a transporter.
 20824 | Gauntlet | Found a transporter.
 20826 | Gauntlet | Found a transporter.
 20826 | Gauntlet | Found a transporter.
 20827 | Gauntlet | Found a transporter.
 20829 | Gauntlet | Noticed an entropy weaver
 20838 | Gauntlet | Found a transporter.
 20854 | Gauntlet | Found a transporter.
 20864 | Gauntlet | Found a transporter.
 20882 | Gauntlet | Found a transporter.
 20890 | Gauntlet | Found the +1 robe of Vines {NoPotionHeal Regen++++}
 20898 | Gauntlet | Found a transporter.
 20900 | Gauntlet | Found a runed translucent gate.
 20900 | Gauntlet | Found a runed translucent gate.
 20900 | Gauntlet | Found a runed translucent gate.
 20910 | Gauntlet | Found a transporter.
 21008 | Gauntlet | Paralysed by a floating eye for 4 turns
 21180 | Gauntlet | Identified the +1 cloak of Terror {rC++ rN+++ Will- Slay-5}
 21268 | Gauntlet | Noticed a minotaur
 21279 | Gauntlet | Killed a minotaur
 21280 | Gauntlet | Reached skill level 1 in Shields
 21294 | Gauntlet | Got the Handbook of Creation
 21333 | Lair:3   | Found a broken altar of Ashenzari.
 21389 | IceCv    | Entered an ice cave
 21419 | IceCv    | Reached XP level 14. HP: 110/121 MP: 20/20
 21658 | IceCv    | Noticed a frost giant
 21686 | IceCv    | Killed a frost giant
 21825 | IceCv    | Reached skill level 15 in Fighting
 21988 | IceCv    | Reached skill level 5 in Spellcasting
 22814 | Lair:4   | Noticed Kirke
 23335 | Lair:4   | Noticed Urug
 23351 | Lair:4   | Killed Urug
 23610 | Lair:4   | Killed Kirke
 23709 | Lair:4   | Found a viscous altar of Jiyva.
 23709 | Lair:4   | Found a staircase to the Slime Pits.
 23919 | Lair:4   | Identified the +1 pair of gloves of the Old World {Will+}
 24093 | Lair:5   | Entered Level 5 of the Lair of Beasts
 24253 | Lair:5   | Reached skill level 5 in Translocations
 24310 | Lair:5   | Reached XP level 15. HP: 124/130 MP: 22/22
 24611 | Lair:5   | Identified the ring of Comoedem {Will++ rCorr MP+9 Dex+6
                  | Slay-2}
 24616 | Lair:5   | Reached skill level 5 in Shields
 25681 | D:14     | Identified the +1 tower shield "Ravuky" {rC+ rCorr Slay-3
                  | Stlth+}
 25681 | D:14     | Noticed Louise
 25729 | D:14     | Killed Louise
 25937 | D:14     | Noticed Lodul
 25951 | D:14     | Killed Lodul
 25968 | D:14     | Noticed Josephine
 25981 | D:14     | Killed Josephine
 25994 | D:14     | Reached skill level 15 in Polearms
 26104 | D:14     | Found a gate to the Vaults.
 26398 | D:14     | Found a hide-covered altar of Uskayaw.
 26762 | Orc:1    | Entered Level 1 of the Orcish Mines
 27109 | Orc:1    | Noticed Fannar
 27120 | Orc:1    | Killed Fannar
 27421 | Orc:2    | Entered Level 2 of the Orcish Mines
 27638 | Orc:2    | Reached XP level 16. HP: 97/141 MP: 23/23
 27679 | Orc:2    | Reached skill level 10 in Invocations
 27750 | Orc:2    | Found Ykler's Book Shop.
 27750 | Orc:2    | Found Odwepry's Book Emporium.
 27751 | Orc:2    | Found Ebluadul's Armour Shoppe.
 27751 | Orc:2    | Found Ecvi's Antique Armour Shop.
 27808 | Orc:2    | Found a staircase to the Elven Halls.
 28266 | Shoals:1 | Entered Level 1 of the Shoals
 28647 | Shoals:1 | Found Wuohuu's Assorted Antiques.
 28655 | Shoals:1 | Bought a scroll of teleportation for 90 gold pieces
 28655 | Shoals:1 | Bought a scroll of enchant weapon for 225 gold pieces
 28669 | Shoals:1 | Identified a scroll of acquirement
 28670 | Shoals:1 | Acquired 941 gold pieces
 28803 | Shoals:1 | Noticed a kraken
 28822 | Shoals:1 | Killed a kraken
 29514 | Shoals:2 | Found Ocoots's Firing Range.
 29668 | Shoals:2 | Noticed a kraken
 29688 | Shoals:2 | Killed a kraken
 30711 | Shoals:3 | Reached XP level 17. HP: 115/145 MP: 24/24
 30993 | Shoals:4 | Entered Level 4 of the Shoals
 31136 | Shoals:4 | Noticed Ilsuiw
 31178 | Shoals:4 | Killed Ilsuiw
 31961 | Shoals:4 | Learned a level 3 spell: Call Canine Familiar
 31967 | Shoals:4 | Noticed a kraken
 31977 | Shoals:4 | Banished a kraken
 32357 | Shoals:4 | Noticed a kraken
 32364 | Shoals:4 | Banished a kraken
 32371 | Shoals:4 | Got a barnacled rune of Zot
 32807 | Lair:2   | Banished Pacea's ghost
 32810 | Lair:2   | Reached skill level 1 in Summonings
 32851 | Snake:1  | Entered Level 1 of the Snake Pit
 32851 | Snake:1  | Found a runed translucent gate.
 32851 | Snake:1  | Found a runed translucent gate.
 32851 | Snake:1  | Found a runed translucent gate.
 32851 | Snake:1  | Found an opulent altar of Gozag.
 32852 | Snake:1  | Noticed Ixtim's ghost (journeyman MiFi)
 32959 | Snake:1  | Found Jat Paphe's Assorted Antiques.
 33254 | Snake:1  | Acquired the ring of Wirid {rElec rC+ rCorr Int+4 Dex-4}
 33303 | Snake:1  | Identified the +2 leather armour "Koinwet" {Harm rElec
                  | rPois Int-2}
 33336 | Snake:1  | Reached XP level 18. HP: 160/160 MP: 25/25
 35247 | Snake:3  | Reached skill level 10 in Shields
 35309 | Snake:3  | Noticed Vashnia
 35419 | Snake:3  | Killed Vashnia
 36362 | Snake:4  | Entered Level 4 of the Snake Pit
 36577 | Snake:4  | Noticed Aizul
 36669 | Snake:3  | Banished Aizul
 36698 | Snake:4  | Reached skill level 5 in Summonings
 36784 | Snake:4  | Reached XP level 19. HP: 148/170 MP: 26/26
 36853 | Snake:4  | Killed from afar by a salamander tyrant

Illustrated notes

Levels and vault maps discovered:
D:1:      minmay_arrival_nine_rooms, layout_loops_corners,
          hellmonk_ecumenical_altar_inner_sanctum
D:2:      layout_basic
D:3:      layout_rooms, kennysheep_okawaru_gauntlet, nrook_mini_backslash
D:4:      layout_loops_ring
D:5:      layout_basic, lemuel_tele_altar, minmay_temple_entry_tees,
          nicolae_shop_fire_sale [nicolae_sub_dead_trees]
D:6:      layout_layer_cave, hangedman_decor_riveting
D:7:      layout_loops_ring, lemuel_blue_sif_altar, glass_columns_a,
          minmay_fractal_squares_5, uniq_crazy_yiuf_cottage, uniq_prince_ribbit1
D:8:      layout_gridville, serial_shops, nicolae_shop_advertising_works
          [nicolae_subvault_shop_adworks], enter_ossuary_2, uniq_maurice
D:9:      layout_basic, lemuel_zombie_altar_yredelemnul,
          minmay_overflow_temple_hex, kennysheep_little_box, special_room
          [special_room_orc]
D:10:     layout_gridville, makhleb_altar_promises_db, kennysheep_mini_moat,
          erik_lair_orcish_takeover, david_orc_4, minmay_misc_feat_diagonals
D:11:     layout_grid_maze
D:12:     layout_layer_cave, nicolae_transporter_circle
D:13:     layout_gridville
D:14:     layout_roguey, david_vaults_4, nicolae_uskayaw_suspiria, uniq_lodul,
          uniq_louise, uniq_josephine
Temple:   nicolae_temple_ecumenical_triangle
Lair:1:   layout_gridlike, uniq_gastronok
Lair:2:   layout_cave_pods, shoals_dummy_entry,
          minmay_snake_entry_guardpost_small, ebering_ghost_inner_flame,
          nicolae_volcano_entry_s_turn, chequers_serial_rivers_large_a
Lair:3:   layout_chaotic_city, portal_ice_cave_entry_imps,
          gauntlet_entry_generic, lemuel_oklob_altar
Lair:4:   layout_loops_ring, dpeg_slime_entry_enclosed, uniq_kirke, uniq_urug
Lair:5:   minmay_lair_end_frog_pond, layout_cave_pods
Shoals:1: layout_shoals, serial_shops, nicolae_diamond_shop
Shoals:2: layout_shoals, nicolae_shop_firing_range
Shoals:3: layout_shoals, nicolae_shoals_lost_giant_hut,
          nicolae_shoals_spectral_cove
Shoals:4: shoals_end_hangedman, layout_shoals, shoal_ilsuiw, ldierk_geyser
Snake:1:  layout_layer_cave, ebering_ghost_gozag, serial_bayou_lagoon_a,
          nrook_guardian_serpent_double
Snake:2:  layout_gridlike
Snake:3:  layout_layer_cave, grunt_megastairs_1, uniq_vashnia
Snake:4:  grunt_snake_rune_serpentine_throne, layout_basic, serial_curves,
          eino_curves_04, eino_curves_04, uniq_aizul
Orc:1:    layout_caves, nicolae_orc_lost_temple, uniq_fannar
Orc:2:    st_orc_ogre_mass, layout_caves

Skill      XL: |  1  2  3  4  5  6  7  8  9 10 11 12 13 14 15 16 17 18 19 |
---------------+----------------------------------------------------------+-----
Polearms       | 5 6 7 8 9 11 13 14 15 17 19 20 21 | 21.1
Fighting       | 3 4 5 7 9 11 13 14 15 17 18 19 20 | 20.6
Dodging        | 5 6 7 8 11 13 16 17 18 19 20 21 | 21.1
Armour         | 1 2 3 |  3.0
Spellcasting   | 1 4 5 |  5.0
Invocations    | 2 5 7 8 9 10 | 10.0
Translocations | 3 5 |  5.0
Shields        | 1 4 6 8 9 10 | 10.3
Summonings     | 2 5 |  5.3
Throwing       | |  2.0

Action                     |  1- 3 |  4- 6 |  7- 9 | 10-12 | 13-15 | 16-18 | 19-21 || total
---------------------------+-------+-------+-------+-------+-------+-------+-------++-------
  Melee: Trident           |    80 |   197 |   327 |   775 |   807 |       |       ||  2186
         Punch             |       |     3 |     2 |     4 |     4 |       |       ||    13
         Tailslap          |       |       |       |       |    31 |    61 |       ||    92
         Demon trident     |       |       |       |       |   661 |  1549 |    45 ||  2255
         Unarmed           |       |       |       |       |    16 |       |       ||    16
  Throw: Javelin           |       |       |     8 |    55 |     3 |       |       ||    66
         Throwing net      |       |       |       |     5 |       |       |       ||     5
 Invoke: Disaster Area     |       |       |       |       |       |     1 |       ||     1
  Evoke: Wand              |       |       |       |    16 |     1 |       |       ||    17
    Use: Potion            |     1 |     1 |     2 |     5 |     1 |     1 |       ||    11
         Scroll            |     6 |     5 |     4 |    12 |    13 |     8 |     1 ||    49
   Stab: Distracted        |       |     1 |       |       |       |       |       ||     1
 Armour: Leather armour    |     5 |       |    60 |    12 |       |       |       ||    77
         Chain mail        |    24 |    90 |     6 |       |       |       |       ||   120
         Troll leather arm |       |       |       |   119 |    70 |       |       ||   189
         Robe              |       |       |       |       |    94 |    78 |    10 ||   182
         Skin              |       |       |       |       |     1 |       |       ||     1
  Dodge: Dodged            |    29 |    56 |   172 |   391 |   604 |   743 |    67 ||  2062
         Repelled          |       |       |       |     2 |     9 |    28 |     2 ||    41
  Block: Other             |       |       |       |   119 |    95 |       |       ||   214
         Buckler           |       |       |       |       |   440 |   511 |       ||   951
         Kite shield       |       |       |       |       |       |   331 |   116 ||   447
         Reflection        |       |       |       |       |       |    74 |     9 ||    83

Table legend: (Time is in decaauts)
 A = Elapsed time spent in this place.
 B = Non-inter-level travel time spent in this place.
 C = Inter-level travel time spent in this place.
 D = Time resting spent in this place.
 E = Time spent auto-exploring this place.
 F = Levels seen in this place.
 G = Mean time per level.
                   A        B        C        D        E       F      G
               +--------+--------+--------+--------+--------+-----+--------+
         Total |  34602 |  32438 |   2164 |   6212 |  18876 |  32 | 1081.3 |
       Dungeon |  20216 |  18749 |   1467 |   5166 |  10351 |  14 | 1444.0 |
        Temple |     46 |     42 |      4 |      0 |     28 |   1 |   46.0 |
          Lair |   5360 |   4892 |    468 |    416 |   3282 |   5 | 1072.0 |
        Shoals |   3080 |   2981 |     99 |    305 |   1566 |   4 |  770.0 |
     Snake Pit |   3736 |   3688 |     48 |    145 |   2622 |   4 |  934.0 |
  Orcish Mines |   1032 |    956 |     76 |      0 |    642 |   2 |  516.0 |
      Ice Cave |    615 |    615 |      0 |     32 |    239 |   1 |  615.0 |
      Gauntlet |    514 |    514 |      0 |    148 |    144 |   1 |  514.0 |
               +--------+--------+--------+--------+--------+-----+--------+

Top non-repeatable levels by time:
     D:7: 3604 daAuts
    D:12: 1862 daAuts
     D:8: 1862 daAuts
    D:13: 1783 daAuts
    D:10: 1616 daAuts
    D:11: 1556 daAuts
 Snake:3: 1528 daAuts
  Lair:2: 1457 daAuts
     D:9: 1372 daAuts
     D:6: 1262 daAuts
 Snake:1: 1222 daAuts
  Lair:3: 1167 daAuts
     D:1: 1087 daAuts
     D:3: 995 daAuts
  Lair:4: 976 daAuts
